 Dungeon Crawl Stone Soup version 0.22.0-5-gf09313c8f9 (webtiles) character file.

113 Ramireus the Charmwright (level 4, -10/34 HPs)
             Began as a Merfolk Skald on Aug 14, 2018.
             Mangled by Crazy Yiuf
             ... wielding a +2 quarterstaff of chaos
              (17 damage)
             ... on level 2 of the Dungeon.
             The game lasted 00:12:04 (2574 turns).

Ramireus the Charmwright (Merfolk Skald)            Turns: 2574, Time: 00:12:04

Health: -10/34     AC:  6    Str: 11    XL:     4   Next: 96%
Magic:  2/8        EV: 12    Int: 13    God:
Gold:   87         SH:  0    Dex: 13    Spells: 2/8 levels left

rFire    . . .     SeeInvis .   a - +0 spear
rCold    . . .     Gourm    +   (no shield)
rNeg     . . .     Faith    .   b - +0 leather armour
rPois    .         Spirit   .   h - +0 helmet
rElec    .         Reflect  .   c - +0 cloak
rCorr    .         Harm     .   i - +0 pair of gloves
MR       .....                  (no boots)
Stlth    +.........             k - amulet of the gourmand
HPRegen  0.11/turn              (no ring)
MPRegen  0.11/turn              (no ring)

@: shrouded
A: change form in water, swift swim, stealthy swim
a: no special abilities


You were on level 2 of the Dungeon.
You were hungry.

You visited 1 branch of the dungeon, and saw 2 of its levels.

You collected 87 gold pieces.

Inventory:

Hand Weapons
 a - a +0 spear (weapon)
Armour
 b - a +0 leather armour (worn)
 c - a +0 cloak (worn)
 h - a +0 helmet (worn)
 i - a +0 pair of gloves (worn)
Jewellery
 k - an amulet of the gourmand (around neck)
Scrolls
 e - 5 scrolls of identify {unknown}
 f - a scroll of enchant weapon {unknown}
 g - 3 scrolls of amnesia {unknown}
 j - a scroll of enchant armour {unknown}
 l - a scroll of immolation {unknown}
 n - a scroll of teleportation {unknown}
Potions
 m - a potion of mutation {unknown}
 o - a potion of heal wounds {unknown}
 p - a potion of magic {unknown}
Comestibles
 d - 5 rations


   Skills:
 + Level 2.5 Fighting
 + Level 4.0 Polearms
 + Level 1.3 Armour
 + Level 2.9 Dodging
 * Level 2.7 Spellcasting
 * Level 0.9 Hexes
 * Level 4.1 Charms


You had 2 spell levels left.
You knew the following spells:

 Your Spells              Type           Power        Failure   Level  Hunger
a - Infusion              Chrm           ##..         5%          1    #......
b - Shroud of Golubria    Chrm/Tloc      #.........   21%         2    ###....
c - Spectral Weapon       Hex/Chrm       #.......     32%         3    ###....

Your spell library contained the following spells:

 Spells                   Type           Power        Failure   Level  Hunger
 Regeneration             Chrm/Necr      #.........   36%         3    ###....
 Song of Slaying          Chrm           ##......     9%          2    ###....


Dungeon Overview and Level Annotations

Branches:
Dungeon (2/15)

Altars:

Annotations:
D:2 Crazy Yiuf, Jessica


Message History

Your spectral weapon hits Crazy Yiuf from afar.
Crazy Yiuf hits you with a quarterstaff of chaos!
Crazy Yiuf burns you.
* * * LOW HITPOINT WARNING * * *
You swap places.
There is an open door here.
Casting: Shroud of Golubria (safe; 21% risk of failure)
Confirm with . or Enter, or press ? or * to list all spells.
Space distorts slightly along a thin shroud covering your body.
Crazy Yiuf closely misses you.
You hit Crazy Yiuf but do no damage.
Crazy Yiuf is severely wounded.
Your spectral weapon closely misses Crazy Yiuf.
Your shroud bends Crazy Yiuf's attack away.
You hit Crazy Yiuf but do no damage.
Crazy Yiuf is severely wounded.
Your spectral weapon closely misses Crazy Yiuf.
Crazy Yiuf hits you but does no damage.
You are electrocuted!
Ouch! That really hurt!
You die...

### ..# .># ..# ..#
..# ..######### #####
..........## ###..)#
...........####.@g..#
............#..##(..#
......#....#.########
##..##########
##.#### #....# #...##
##..# #..#


You could see Crazy Yiuf and a friendly spectral spear.

Vanquished Creatures
  Natasha (twice) (D:2)
  A howler monkey skeleton (D:2)
  An ooze (D:1)
  2 worms (D:2)
  A dart slug (D:2)
  A leopard gecko (D:1)
  A giant cockroach (D:1)
  8 hobgoblins
  4 jackals (D:1)
  5 kobolds
  2 ball pythons
  5 bats
  2 frilled lizards (D:2)
  3 goblins
  4 rats
42 creatures vanquished.

Notes
Turn   | Place    | Note
-------+----------+-------------------------------------------
     0 | D:1      | Ramireus the Merfolk Skald began the quest for the Orb.
     0 | D:1      | Reached XP level 1. HP: 16/16 MP: 3/3
   319 | D:1      | Reached XP level 2. HP: 18/23 MP: 3/5
   323 | D:1      | Learned a level 2 spell: Shroud of Golubria
   647 | D:1      | Reached XP level 3. HP: 28/28 MP: 6/6
   652 | D:1      | Learned a level 3 spell: Spectral Weapon
   969 | D:1      | Reached skill level 1 in Armour
  1661 | D:2      | Noticed Natasha
  1692 | D:2      | Killed Natasha
  1692 | D:2      | Reached XP level 4. HP: 20/34 MP: 1/7
  2102 | D:2      | Noticed Natasha
  2116 | D:2      | Killed Natasha
  2396 | D:2      | Noticed Jessica
  2556 | D:2      | Found a runed door.
  2562 | D:2      | Noticed Crazy Yiuf
  2574 | D:2      | Mangled by Crazy Yiuf

Skill      XL: |  1  2  3  4 |
---------------+-------------+-----
Armour         | 1 |  1.3
Charms         | 4 |  4.1
Polearms       | 4 |  4.0
Fighting       | |  2.5
Dodging        | |  2.9
Spellcasting   | |  2.7
Hexes          | |  0.9

Action                   |  1- 3 |  4- 6 || total
-------------------------+-------+-------++-------
Melee: Spear             |   111 |    41 ||   152
 Cast: Infusion          |     2 |     1 ||     3
       Shroud of Golubri |     4 |     3 ||     7
       Spectral Weapon   |     7 |     5 ||    12
  Use: Potion            |     1 |     1 ||     2
 Stab: Sleeping          |     3 |       ||     3
  Eat: Chunk             |     3 |     5 ||     8
Armor: Leather armour    |    15 |    10 ||    25
       Skin              |     7 |     1 ||     8
Dodge: Dodged            |    43 |    20 ||    63
